 Dungeon Crawl Stone Soup version 0.28.0-45-g0d030f2227 (webtiles) character file.

Game seed: 12109620706265434326

1668 101zpm the Thaumaturge (level 9, -4/57 HPs)
             Began as a Djinni Ice Elementalist on Apr 12, 2022.
             Shot with an arrow by a centaur (7 damage)
             ... on level 6 of the Dungeon.
             The game lasted 00:22:40 (8259 turns).

101zpm the Thaumaturge (Djinni Ice Elementalist)    Turns: 8259, Time: 00:22:41

Health: -4/57      AC:  5    Str:  7    XL:     9   Next: 20%
Gold:   419        EV: 13    Int: 22    God:
                   SH:  0    Dex: 13

rFire   + + .      SeeInvis .   k - staff of cold
rCold   . . .      Faith    .   (no shield)
rNeg    . . .      Spirit   .   a - +0 robe
rPois   ∞          Reflect  .   (no helmet)
rElec   .          Harm     .   n - scarf {repulsion}
rCorr   .          Rampage  .   b - +2 pair of gloves
Will    .....                   (boots unavailable)
Stlth   ++........              (no amulet)
HPRegen 0.19/turn               (no ring)
MPRegen 0.00/turn               (no ring)

@: freezing walls, flying, repel missiles
A: sickness immunity, fire resistance 2, cold vulnerability 1, float, innate
caster, HP casting, extra vitality 1
a: no special abilities


You were on level 6 of the Dungeon.
You visited 1 branch of the dungeon, and saw 7 of its levels.

You collected 419 gold pieces.

Inventory:

Missiles
 d - 2 throwing nets
Armour
 a - a +0 robe (worn)
 b - a +2 pair of gloves (worn)
 n - a scarf of repulsion (worn)
 w - a +1 chain mail of poison resistance
Magical Staves
 k - a staff of cold (weapon)
Wands
 p - a wand of charming (7)
 t - a wand of iceblast (9)
Scrolls
 e - 5 scrolls of identify {unknown}
 j - a scroll of acquirement {unknown}
 l - 4 scrolls of teleportation {unknown}
 m - 3 scrolls of enchant armour {unknown}
 q - 2 scrolls of brand weapon {unknown}
 s - a scroll of vulnerability {unknown}
Potions
 c - 2 potions of heal wounds {unknown}
 f - a potion of lignification {unknown}
 g - 2 potions of attraction {unknown}
 h - 3 potions of degeneration {unknown}
 i - 3 potions of mutation {unknown}
 o - 3 potions of berserk rage {unknown}
 r - a potion of invisibility {unknown}
 u - 2 potions of cancellation {unknown}
 v - a potion of magic {unknown}


   Skills:
 + Level 1.1 Fighting
 + Level 1.4 Staves
 + Level 3.2 Dodging
 + Level 2.9 Stealth
 + Level 8.6 Spellcasting


You had 4 spell levels left.
You knew the following spells:

 Your Spells              Type           Power      Damage    Failure   Level
a - Freeze                Ice            100%       1d11      1%          1
b - Frozen Ramparts       Ice            100%       1d12      1%          3
c - Ozocubu's Armour      Ice            63%        N/A       1%          3
d - Hailstorm             Conj/Ice       63%        3d13      1%          4
e - Magic Dart            Conj           100%       1d8       1%          1
f - Blink                 Tloc           94%        N/A       1%          2
g - Dazzling Flash        Conj/Hex       94%        N/A       1%          3
h - Animate Armour        Summ/Erth      94%        N/A       1%          4
Your spell library was empty.

Dungeon Overview and Level Annotations

Branches:
Dungeon (7/15)             Temple (0/1) D:4

Altars:
Gozag
Kikubaaqudgha
Makhleb
Trog

Shops:
D:2 (

Annotations:
D:4 1 runed translucent door, Crazy Yiuf
D:7 Harold


Innate Abilities, Weirdness & Mutations

You are immune to sickness and miasma.
You are immune to poison.
Your flesh is very heat resistant. (rF++)
You are vulnerable to cold. (rC-)
You float through the air rather than walking.
You learn spells naturally, not from books.
Your magical power is your life essence.
You have superior vitality. (+4 MHP)


Message History

You feel a surge of power!
You freeze the hound.
The hound is lightly wounded.
* * * LOW HITPOINT WARNING * * *
The wall freezes the hound!
The hound bites you but does no damage.
Aiming: Freeze (safe; 1% risk of failure)
Press: ? - help, Q - select action, (/) - cycle Shift-Dir - straight line, f/p - hound
Aim: a hound (heavily wounded, ally target)
You feel a surge of power!
You freeze the hound.
The hound is almost dead.
* * * LOW HITPOINT WARNING * * *
The wall freezes the hound.
You kill the hound!
The centaur shoots an arrow.
The arrow hits you!
* * * LOW HITPOINT WARNING * * *
Your Dodging skill increases to level 3!
Your frozen ramparts will break if you move.
Continue? [Y]es or [N]o only, please.
Your frozen ramparts will break if you move.
Continue?
You swap places.
The frozen ramparts melt away as you move.
The centaur shoots an arrow.
The arrow hits your animated robe.
Casting: Freeze (safe; 1% risk of failure)
Confirm with . or Enter, or press ? or * to list all spells.
Casting: Frozen Ramparts (safe; 1% risk of failure)
Press: ? - help, Dir - look around, f - activate You feel a surge of power!
The walls around you are covered in ice.
* * * LOW HITPOINT WARNING * * *
The centaur shoots an arrow.
The arrow hits your animated robe!
The centaur shoots an arrow.
The arrow hits your animated robe!
The centaur shoots an arrow.
The arrow hits your animated robe!
The centaur shoots an arrow.
The arrow hits your animated robe!
The centaur shoots an arrow.
The arrow hits your animated robe!
Your animated robe is destroyed!
Your animated robe disappears in a puff of smoke!
The centaur shoots an arrow.
The arrow closely misses you.
The centaur shoots an arrow.
The arrow misses you.
The centaur shoots an arrow.
The arrow barely misses you.
The centaur shoots an arrow.
The arrow hits you!
You die...

.......# ##...#.#
.......# #...#.#
..######
############...#.#
###
#..............#)#
#..............#.#
#...........#..#.#
#...........#..#.#
#...........'....#
#...@.......##...##
#####'########....#
#....†.####.(...>.#
#....c.##Z#._.....#
#......####.......#
#......#######....#
#....... #........#
#......( ##########
#.....(.#


You could see a centaur.

Vanquished Creatures
  Grinder (D:3)
  Sigmund (D:2)
  Eustachio (D:4)
  A water moccasin (D:6)
  4 ogres
  A phantom (D:6)
  A wyvern zombie (D:6)
  A bullfrog zombie (D:5)
  An orc priest (D:2)
  3 hounds (D:6)
  A jelly (D:6)
  Natasha (twice) (D:4)
  An iguana (D:6)
  3 orc wizards
  Terence (D:2)
  A hound zombie (D:5)
  A howler monkey zombie (D:6)
  7 gnolls
  4 adders
  A shadow imp (D:6)
  An ufetubus (D:5)
  An adder skeleton (D:4)
  4 worms
  A dart slug (D:3)
  15 orcs
  2 bats
  7 endoplasms
  3 giant cockroaches
  13 goblins
  8 hobgoblins
  6 jackals
  A quokka (D:5)
  2 ball pythons
  6 frilled lizards
  5 kobolds
  8 rats
120 creatures vanquished.

Vanquished Creatures (others)
  A human (D:6)
1 creature vanquished.

Grand Total: 121 creatures vanquished

Notes
Turn   | Place    | Note
-------+----------+-------------------------------------------
     0 | D:1      | 101zpm the Djinni Ice Elementalist began the quest for the
                  | Orb.
     0 | D:1      | Reached XP level 1. HP: 15/15 MP: 0/0
   172 | D:1      | Reached XP level 2. HP: 20/21 MP: 0/0
   560 | D:1      | Found a faded altar of an unknown god.
   617 | D:1      | Reached XP level 3. HP: 19/25 MP: 0/0
   617 | D:1      | Learned a level 1 spell: Magic Dart
  1413 | D:2      | Reached skill level 4 in Spellcasting
  1592 | D:2      | Noticed Terence
  1600 | D:2      | Killed Terence
  1601 | D:2      | Reached XP level 4. HP: 19/31 MP: 0/0
  1614 | D:2      | Reached XP level 5. HP: 5/35 MP: 0/0
  1614 | D:2      | Learned a level 2 spell: Blink
  1914 | D:2      | Found Xialu's Weapon Emporium.
  2027 | D:2      | Noticed Sigmund
  2035 | D:2      | Killed Sigmund
  2036 | D:2      | Reached skill level 5 in Spellcasting
  2036 | D:2      | Reached XP level 6. HP: 23/40 MP: 0/0
  3004 | D:3      | Noticed Grinder
  3023 | D:3      | Paralysed by Grinder for 6 turns
  3039 | D:3      | Paralysed by Grinder for 3 turns
  3042 | D:3      | Killed Grinder
  3043 | D:3      | Reached skill level 6 in Spellcasting
  3043 | D:3      | Reached XP level 7. HP: 4/45 MP: 0/0
  3043 | D:3      | Learned a level 3 spell: Dazzling Flash
  4332 | D:4      | Noticed Eustachio
  4353 | D:4      | Killed Eustachio
  4499 | D:4      | Reached skill level 1 in Staves
  4499 | D:4      | Reached XP level 8. HP: 41/51 MP: 0/0
  4595 | D:4      | Found a burning altar of Makhleb.
  4642 | D:4      | Found a staircase to the Ecumenical Temple.
  4954 | D:4      | Found a runed translucent door.
  4955 | D:4      | Noticed Crazy Yiuf
  5165 | D:4      | Noticed Natasha
  5170 | D:4      | Killed Natasha
  5171 | D:4      | Reached skill level 7 in Spellcasting
  5399 | D:4      | Found a bloodstained altar of Trog.
  5436 | D:4      | Noticed Natasha
  5439 | D:4      | Killed Natasha
  5513 | D:5      | Entered Level 5 of the Dungeon
  6014 | D:5      | Reached skill level 1 in Fighting
  7280 | D:6      | Found an opulent altar of Gozag.
  7353 | D:6      | Reached skill level 8 in Spellcasting
  7619 | D:6      | Reached XP level 9. HP: 50/57 MP: 0/0
  7619 | D:6      | Learned a level 4 spell: Animate Armour
  7813 | D:7      | Noticed Harold
  8259 | D:6      | Shot with an arrow by a centaur

Illustrated notes

Levels and vault maps discovered:
D:1:      psy_arrival_basics, layout_basic, hellmonk_ecumenical_altar_run_dry
D:2:      minmay_spotlight, layout_basic, serial_shops, shop, uniq_terence,
          uniq_sigmund
D:3:      layout_loops_ring, minmay_misc_feat_roman, minmay_unequal,
          uniq_grinder
D:4:      cheibrodos_quashed, layout_rooms, mainiacjoe_overflow_alcove_4,
          kennysheep_mini_moat, minmay_temple_entry_statues_fountains,
          kennysheep_donut, uniq_eustachio, uniq_crazy_yiuf_cottage,
          uniq_natasha
D:5:      layout_basic, chequers_decorated_corner
D:6:      layout_basic, tgw_kikubaaqudgha, nicolae_gozag_seed_capital,
          serial_shops, shop, amcnicky_mini_rare_corridor_liquid
D:7:      cheibrodos_two_vegetables, layout_basic, xom_teletrap_fun,
          uniq_harold, uniq_menkaure

Skill      XL: |  1  2  3  4  5  6  7  8  9 |
---------------+----------------------------+-----
Spellcasting   | 4 5 6 8 |  8.6
Stealth        | 2 |  2.9
Staves         | 1 |  1.4
Fighting       | 1 |  1.1
Dodging        | 3 |  3.2

Action                   |  1- 3 |  4- 6 |  7- 9 || total
-------------------------+-------+-------+-------++-------
Melee: Unarmed           |     2 |       |       ||     2
       Staff             |       |       |    20 ||    20
 Cast: Freeze            |    26 |     3 |    40 ||    69
       Magic Dart        |    45 |    61 |   167 ||   273
       Frozen Ramparts   |     1 |     9 |    30 ||    40
       Blink             |       |       |     2 ||     2
       Ozocubu's Armour  |       |       |     1 ||     1
       Animate Armour    |       |       |     2 ||     2
Armor: Robe              |     5 |     1 |    17 ||    23
Dodge: Dodged            |     9 |     6 |    49 ||    64
